 Dungeon Crawl Stone Soup version 0.22-a0-525-gf69a080 (webtiles) character file.

2555 George the Magician (level 9, 0/70 HPs)
             Began as a Gnoll Skald on June 20, 2018.
             Was a Follower of Okawaru.
             Slain by an ice beast (9 damage)
             ... summoned by Fannar
             ... on level 10 of the Dungeon.
             The game lasted 00:17:20 (6719 turns).

George the Magician (Gnoll Skald)                   Turns: 6719, Time: 00:17:21

Health: 0/70       AC:  7    Str: 14    XL:     9   Next: 56%
Magic:  7/19       EV: 13    Int: 19    God:    Okawaru [*.....]
Gold:   368        SH:  0    Dex: 14    Spells: 10/21 levels left

rFire    . . .     SeeInvis .   v - +2 spear (venom)
rCold    . . .     Gourm    .   (no shield)
rNeg     . . .     Faith    .   g - +0 ring mail
rPois    +         Spirit   .   (no helmet)
rElec    .         Reflect  .   (no cloak)
rCorr    .         Harm     .   k - +0 pair of gloves
MR       .....                  (no boots)
Stlth    ++........             (no amulet)
HPRegen  0.21/turn              x - ring of poison resistance
MPRegen  0.16/turn              (no ring)

@: singing (expiring), berserk cooldown, hasted and slowed, drained
A: distributed training, fangs 1, strong nose
a: Heroism, Renounce Religion


You were on level 10 of the Dungeon.
You worshipped Okawaru.
Okawaru was aware of your devotion.
You were hungry.

You visited 2 branches of the dungeon, and saw 10 of its levels.

You collected 368 gold pieces.

Inventory:

Hand Weapons
 p - a +2 rapier of holy wrath
 v - a +2 spear of venom (weapon)
 y - the +1 arbalest "Lorchob" {speed, Str+3}
   (You found it on level 6 of the Dungeon)

   Attacks with this weapon are significantly faster.
   It affects your strength (+3).
Missiles
 b - a throwing net
 r - 6 tomahawks (quivered)
 A - 39 arrows
Armour
 g - a +0 ring mail (worn)
 k - a +0 pair of gloves (worn)
Jewellery
 q - an uncursed ring of fire
 x - a ring of poison resistance (left hand)
Wands
 u - a wand of polymorph (17)
 C - a wand of scattershot (5)
 E - a wand of random effects (36)
Scrolls
 e - 2 scrolls of remove curse
 i - 2 scrolls of blinking
 l - 2 scrolls of teleportation
 n - 2 scrolls of enchant armour
 s - 3 scrolls of amnesia
 t - 3 scrolls of magic mapping
 w - a scroll of fog
 z - a scroll of identify
Potions
 f - a potion of curing
 h - a potion of cancellation
 j - 4 potions of agility
 m - 2 potions of flight
 o - a potion of resistance
 B - a potion of might
 D - a potion of haste
Comestibles
 d - 19 rations
 F - 2 chunks of flesh


   Skills:
 + Level 6.3(5.3) Fighting
 + Level 4.3(3.3) Short Blades
 + Level 6.3(5.3) Long Blades
 + Level 4.3(3.3) Axes
 + Level 4.3(3.3) Maces & Flails
 + Level 4.3(3.3) Polearms
 + Level 4.3(3.3) Staves
 + Level 4.3(3.3) Slings
 + Level 4.3(3.3) Bows
 + Level 4.3(3.3) Crossbows
 + Level 4.3(3.3) Throwing
 + Level 5.1(4.1) Armour
 + Level 6.3(5.3) Dodging
 + Level 4.3(3.3) Stealth
 + Level 4.3(3.3) Shields
 + Level 4.3(3.3) Unarmed Combat
 + Level 6.6(5.7) Spellcasting
 + Level 3.5(2.6) Conjurations
 + Level 3.5(2.6) Hexes
 + Level 6.6(5.6) Charms
 + Level 3.5(2.6) Summonings
 + Level 3.5(2.6) Necromancy
 + Level 3.5(2.6) Translocations
 + Level 3.5(2.6) Transmutations
 + Level 3.5(2.6) Fire Magic
 + Level 3.5(2.6) Ice Magic
 + Level 3.5(2.6) Air Magic
 + Level 3.5(2.6) Earth Magic
 + Level 3.5(2.6) Poison Magic
 + Level 4.7(3.8) Invocations
 + Level 4.3(3.3) Evocations


You had 10 spell levels left.
You knew the following spells:

 Your Spells              Type           Power        Failure   Level  Hunger
a - Infusion              Chrm           ####         2%          1    None
b - Song of Slaying       Chrm           ####....     3%          2    None
c - Shroud of Golubria    Chrm/Tloc      ###.......   6%          2    None
d - Regeneration          Chrm/Necr      ###.......   12%         3    ##.....
e - Spectral Weapon       Hex/Chrm       ###.....     12%         3    ##.....

Your spell library contained the following spells:

 Spells                   Type           Power        Failure   Level  Hunger
 Confuse                  Hex            ###.....     22%         3    ##.....
 Spider Form              Tmut/Pois      ###.......   22%         3    ##.....
 Blade Hands              Tmut           ###.......   91%         5    #####..
 Ice Form                 Ice/Tmut       ###.....     58%         4    ####...
 Confusing Touch          Hex            ###...       8%          1    None
 Sticks to Snakes         Tmut           ###.....     12%         2    None
 Metabolic Englaciation   Hex/Ice        ###.......   91%         5    #####..
 Petrify                  Tmut/Erth      ###.....     58%         4    ####...
 Beastly Appendage        Tmut           ###...       8%          1    None
 Gell's Gravitas          Tloc           ###.......   22%         3    ##.....
 Yara's Violent Unravell  Hex/Tmut       ###.......   91%         5    #####..


Dungeon Overview and Level Annotations

Branches:
Dungeon (8/15)             Temple (1/1) D:6
   Lair: D:8-11

Altars:
Cheibriados
Dithmenos
Elyvilon
Fedhas
Gozag
Hepliaklqana
Kikubaaqudgha
Makhleb
Nemelex Xobeh
Okawaru
Qazlal
Ru
Trog
Uskayaw
Vehumet
Wu Jian
Xom
Yredelemnul
Zin
The Shining One

Shops:
D:7 *

Annotations:
D:10 Fannar


Innate Abilities, Weirdness & Mutations

Your experience applies equally to all skills.
You have very sharp teeth.
Your uncanny sense of smell can sniff out nearby items.


Message History

Fannar gestures wildly while chanting.
Fannar blinks!
You puncture the howler monkey!
You kill the howler monkey!
Okawaru accepts your kill.
You are no longer berserk.
You are exhausted.
You feel yourself slow down.
Attack whom?
Press: ? - help, Dir - move target cursor, f - ice beast
Aim: an ice beast (summoned)
Okay, then.
You feel yourself speed up.
You feel better.
Your song is almost over.
The howler monkey hoots and howls with incredible vigour!
The ice beast hits you.
* * * LOW HITPOINT WARNING * * *
The ice beast freezes you!
You die...

###### ###########
#....###### #.........#
####
###....'.Y@Y###.........#
...#
#.'....####..hT.........#
...####.#....#
#####ยง........#
...##...#....#
#.........#
...#..###....#
#.........+ ...#.##
#....# #.........# ...#.#
#....# #....T..}.# ...'.#
###+## #........?# ...###
#.........#


You could see a troll, 2 ice beasts and a howler monkey.

Vanquished Creatures
  Nergalle (D:10)
  A spriggan (D:7)
  A sky beast (D:6)
  3 ice beasts
  2 centaurs
  A bullfrog (D:8)
  A gnoll sergeant (D:5)
  A water moccasin skeleton (D:7)
  2 howler monkeys (D:10)
  A crimson imp (D:7)
  3 hounds
  2 orc priests (D:4)
  3 jellies (D:7)
  Jessica (D:2)
  4 worker ants
  A centaur skeleton (D:6)
  7 orc wizards
  A killer bee zombie (D:7)
  A worker ant zombie (D:5)
  16 gnolls
  12 adders
  2 shadow imps
  5 worms
  A dart slug (D:1)
  6 leopard geckos
  18 orcs
  2 ball pythons
  13 bats
  3 giant cockroaches
  4 goblins
  9 hobgoblins
  9 jackals
  3 quokkas
  7 frilled lizards
  A jackal skeleton (D:6)
  12 kobolds
  A quokka skeleton (D:5)
  A quokka zombie (D:7)
  9 rats
171 creatures vanquished.

Notes
Turn   | Place    | Note
-------+----------+-------------------------------------------
     0 | D:1      | George the Gnoll Skald began the quest for the Orb.
     0 | D:1      | Reached XP level 1. HP: 20/20 MP: 6/6
   189 | D:1      | Reached XP level 2. HP: 26/26 MP: 7/7
   224 | D:1      | Learned a level 2 spell: Song of Slaying
   227 | D:1      | Learned a level 2 spell: Shroud of Golubria
   531 | D:1      | Reached XP level 3. HP: 29/31 MP: 9/9
   673 | D:1      | Reached skill level 5 in Spellcasting
  1133 | D:2      | Found an opulent altar of Gozag.
  1178 | D:2      | Reached skill level 1 in Invocations
  1254 | D:2      | Reached skill level 1 in Short Blades
  1254 | D:2      | Reached skill level 1 in Axes
  1254 | D:2      | Reached skill level 1 in Maces & Flails
  1254 | D:2      | Reached skill level 1 in Polearms
  1254 | D:2      | Reached skill level 1 in Staves
  1254 | D:2      | Reached skill level 1 in Slings
  1254 | D:2      | Reached skill level 1 in Bows
  1254 | D:2      | Reached skill level 1 in Crossbows
  1254 | D:2      | Reached skill level 1 in Throwing
  1254 | D:2      | Reached skill level 1 in Stealth
  1254 | D:2      | Reached skill level 1 in Shields
  1254 | D:2      | Reached skill level 1 in Unarmed Combat
  1254 | D:2      | Reached skill level 1 in Evocations
  1254 | D:2      | Reached XP level 4. HP: 34/38 MP: 6/11
  1410 | D:2      | Noticed Jessica
  1416 | D:2      | Reached skill level 1 in Conjurations
  1416 | D:2      | Reached skill level 1 in Hexes
  1416 | D:2      | Reached skill level 1 in Summonings
  1416 | D:2      | Reached skill level 1 in Necromancy
  1416 | D:2      | Reached skill level 1 in Translocations
  1416 | D:2      | Reached skill level 1 in Transmutations
  1416 | D:2      | Reached skill level 1 in Fire Magic
  1416 | D:2      | Reached skill level 1 in Ice Magic
  1416 | D:2      | Reached skill level 1 in Air Magic
  1416 | D:2      | Reached skill level 1 in Earth Magic
  1416 | D:2      | Reached skill level 1 in Poison Magic
  1424 | D:2      | Reached XP level 5. HP: 28/43 MP: 0/12
  1426 | D:2      | Killed Jessica
  1515 | D:2      | Learned a level 3 spell: Regeneration
  1519 | D:2      | Learned a level 3 spell: Spectral Weapon
  1533 | D:3      | Found a glowing golden altar of the Shining One.
  1828 | D:3      | Found a sacrificial altar of Ru.
  2437 | D:3      | Reached XP level 6. HP: 36/50 MP: 3/13
  2867 | D:4      | Reached skill level 5 in Fighting
  2867 | D:4      | Reached skill level 5 in Long Blades
  2867 | D:4      | Reached skill level 5 in Dodging
  3196 | D:4      | Reached XP level 7. HP: 38/56 MP: 8/15
  3773 | D:5      | Entered Level 5 of the Dungeon
  4140 | D:5      | Found a basalt altar of Yredelemnul.
  4823 | D:6      | Reached XP level 8. HP: 63/63 MP: 16/16
  4906 | D:6      | Got a fine arbalest
  4913 | D:6      | Identified the cursed +1 arbalest "Lorchob" {speed, Str+3} (You found it on level 6 of the Dungeon)
  5311 | D:6      | Found a staircase to the Ecumenical Temple.
  5320 | Temple   | Entered the Ecumenical Temple
  5330 | Temple   | Became a worshipper of Warmaster Okawaru
  5714 | D:7      | Found Iquqo's Assorted Antiques.
  5986 | D:7      | Found a blossoming altar of Fedhas.
  5988 | D:7      | Found a white marble altar of Elyvilon.
  5988 | D:7      | Found a bloodstained altar of Trog.
  5990 | D:7      | Found a hazy altar of Hepliaklqana.
  5991 | D:7      | Found an ancient bone altar of Kikubaaqudgha.
  6089 | D:7      | Reached * piety under Okawaru
  6478 | D:7      | Noticed a spriggan baker
  6484 | D:7      | Killed a spriggan baker
  6484 | D:7      | Reached XP level 9. HP: 57/69 MP: 18/18
  6588 | D:8      | You fall through a shaft for 2 floors!
  6588 | D:10     | Entered Level 10 of the Dungeon
  6588 | D:10     | Noticed Fannar
  6588 | D:10     | Noticed Nergalle
  6623 | D:10     | Killed Nergalle
  6623 | D:10     | Reached skill level 5 in Armour
  6693 | D:10     | Noticed a troll
  6702 | D:10     | HP: 2/70 [Fannar/bolt of cold (12)]
  6708 | D:10     | HP: 5/105 [Fannar/quarterstaff of freezing (6)]
  6709 | D:10     | HP: 2/105 [Fannar/quarterstaff of freezing (1)]
  6719 | D:10     | Slain by an ice beast

Vault maps used:
D:1:      onia_arrival_pyramid
D:2:      overflow_temple_1_default, grunt_ministairs_7, uniq_jessica
D:3:      lemuel_doored_altar, nicolae_ru_sacrificial_ziggurat, kennysheep_nub,
          serial_bayou_pond_b
D:4:      first_ration
D:5:      overflow_temple_1_default
D:6:      temple_statues
D:7:      kb_forest_paths, grunt_temple_overflow_open, serial_shops,
          nicolae_shop_overgrown_old_shop, the_bakery
D:8:      gammafunk_ghost_grave, minmay_misc_feat_x, uniq_erica
D:10:     serial_shops, kennysheep_mini, uniq_fannar, uniq_nergalle,
          uniq_erolcha
Temple:   jpeg_temple_clearing

Skill      XL: |  1  2  3  4  5  6  7  8  9 |
---------------+----------------------------+-----
Spellcasting   | 5 6 |  6.6
Invocations    | 1 2 3 4 |  4.7
Short Blades   | 1 2 3 4 |  4.3
Axes           | 1 2 3 4 |  4.3
Maces & Flails | 1 2 3 4 |  4.3
Polearms       | 1 2 3 4 |  4.3
Staves         | 1 2 3 4 |  4.3
Slings         | 1 2 3 4 |  4.3
Bows           | 1 2 3 4 |  4.3
Crossbows      | 1 2 3 4 |  4.3
Throwing       | 1 2 3 4 |  4.3
Stealth        | 1 2 3 4 |  4.3
Shields        | 1 2 3 4 |  4.3
Unarmed Combat | 1 2 3 4 |  4.3
Evocations     | 1 2 3 4 |  4.3
Conjurations   | 1 2 3 |  3.5
Hexes          | 1 2 3 |  3.5
Summonings     | 1 2 3 |  3.5
Necromancy     | 1 2 3 |  3.5
Translocations | 1 2 3 |  3.5
Transmutations | 1 2 3 |  3.5
Fire Magic     | 1 2 3 |  3.5
Ice Magic      | 1 2 3 |  3.5
Air Magic      | 1 2 3 |  3.5
Earth Magic    | 1 2 3 |  3.5
Poison Magic   | 1 2 3 |  3.5
Armour         | 3 4 5 |  5.1
Fighting       | 5 6 |  6.3
Long Blades    | 5 6 |  6.3
Dodging        | 5 6 |  6.3
Charms         | 6 |  6.6

Action                   |  1- 3 |  4- 6 |  7- 9 || total
-------------------------+-------+-------+-------++-------
Melee: Falchion          |   101 |    34 |       ||   135
       Bite              |     8 |    16 |    35 ||    59
       Rapier            |       |    84 |       ||    84
       Spear             |       |    57 |   364 ||   421
       Punch             |       |       |     6 ||     6
 Cast: Infusion          |     3 |     4 |     5 ||    12
       Song of Slaying   |       |     5 |     6 ||    11
       Regeneration      |       |       |     2 ||     2
       Shroud of Golubri |       |       |     1 ||     1
  Use: Potion            |       |     1 |     4 ||     5
       Scroll            |       |     8 |     9 ||    17
 Stab: Sleeping          |     1 |     1 |     5 ||     7
  Eat: Chunk             |     1 |     7 |    11 ||    19
Armor: Leather armour    |    10 |       |       ||    10
       Ring mail         |    19 |    40 |    90 ||   149
Dodge: Dodged            |    82 |   124 |   163 ||   369
       Rpst.: Falchion   |    31 |     7 |       ||    38

Table legend:
 A = Spawn XP
 B = Non-spawn XP
 C = Spawn XP percentage of total XP
 D = Spawn monster count
 E = Non-spawn monster count
 F = Spawn count percentage of total count
 G = Total turns spent on level
                    A         B        C        D         E        F      G
               +---------+---------+-------+---------+---------+-------+---------
         Total |       0 |    3651 |   0.0 |       0 |     171 |   0.0 |  6719
               +---------+---------+-------+---------+---------+-------+---------
           D:1 |       0 |      45 |   0.0 |       0 |      26 |   0.0 |  1105
           D:2 |       0 |     160 |   0.0 |       0 |      26 |   0.0 |   428
           D:3 |       0 |     142 |   0.0 |       0 |      33 |   0.0 |  1207
           D:4 |       0 |     593 |   0.0 |       0 |      33 |   0.0 |  1033
           D:5 |       0 |     247 |   0.0 |       0 |      17 |   0.0 |  1022
           D:6 |       0 |     507 |   0.0 |       0 |      12 |   0.0 |   757
           D:7 |       0 |     820 |   0.0 |       0 |      18 |   0.0 |   874
           D:8 |       0 |     104 |   0.0 |       0 |       2 |   0.0 |    67
          D:10 |       0 |    1033 |   0.0 |       0 |       4 |   0.0 |   131
               +---------+---------+-------+---------+---------+-------+---------
